Match 42205714
Unlisted

Match 42205714
End
Construct Barracks
Engineer Squad
M1 Mortar Team
Riflemen Squad
Riflemen Squad
Construct Weapon Support Center
Grenade Package
Selects Special Operations Battlegroup
Selects Raiding Flares
Construct Medical Station
Bazooka Squad
Raiding Flares
Riflemen Squad
Infantry Support Center
Selects SSF Commando Squad
Raiding Flares
Advanced Logistics
Selects M29 Weasel with M1 Pack Howitzer
M1918 Browning Automatic Rifles
Raiding Flares
Improved M9 Bazooka Rockets
Bazooka Squad
Survival Training
Demolitions Package
Raiding Flares
Munitions Surplus
Selects P-47 Anti-Infantry Loiter
Riflemen Squad
Construct Tank Depot
Selects UNKNOWN (2162291)
Raiding Flares
M4A1 Sherman Whizbang
Selects Air Re-supply Operation
Raiding Flares
M4A1 Sherman Whizbang
Bazooka Squad
M18 Hellcat Tank Destroyer
Raiding Flares
M18 Hellcat Tank Destroyer
Shefield
nob talk too much
J
Sparkle
Mo-J
Wheeler
0
0

Comments sign in to comment!

No comments posted yet!